Map: Acid Plant LE

Players

Reynor - Winner!

  • Race: Zerg Zerg
  • Spawn Location: 5:00

ArT

  • Race: Protoss Protoss
  • Spawn Location: 11:00

Event: WCS Valencia 2018

VOD

Have the link to the VOD?

Description

Time

  • Played on: July 12, 2018, 6:26 a.m.
  • Length: 7:56

All games in this series

Show
View Real Time Build Order
Export as new Build Order

Reynor Zerg - Winner!

Build Orders: Hatch First 

Get SALT Encoding   

  12  0:01  Drone  
  13  0:13  Overlord  
  13  0:17  Drone  
  14  0:31  Drone x2  
  14  0:35  Drone  
  17  0:52  Hatchery  
  17  0:55  Drone  
  17  0:58  Drone  
  18  1:10  Extractor  
  17  1:13  Spawning Pool  
  17  1:17  Drone  
  17  1:20  Drone  
  18  1:29  Drone  
  19  1:40  Drone  
  20  1:50  Overlord  
  20  2:01  Zergling x2  
  21  2:03  Queen  
  21  2:04  Zergling x2, Queen  
  26  2:11  Drone  
  26  2:15  Drone  
  28  2:19  Metabolic Boost  
  28  2:22  Drone  
  29  2:25  Drone  
  30  2:38  Drone x2  
  30  2:43  Hatchery  
  31  2:46  Drone  
  31  2:50  Drone  
  33  2:55  Overlord  
  33  2:58  Queen  
  33  3:01  Drone  
  35  3:08  Drone  
  35  3:16  Drone x3  
  35  3:17  Overlord  
  38  3:21  Drone x2  
  38  3:22  Drone  
  38  3:24  Zergling x2  
  42  3:28  Zergling x2  
  43  3:35  Roach Warren  
  43  3:36  Zergling x2  
  43  3:38  Drone  
  44  3:44  Queen  
  44  3:46  Overlord  
  44  3:48  Zergling x4  
  48  3:49  Drone  
  48  3:51  Extractor  
  48  3:52  Drone  
  48  3:55  Drone  
  50  3:57  Drone  
  50  4:02  Queen  
  53  4:03  Overlord  
  53  4:10  Lair  
  53  4:16  Drone  
  54  4:18  Roach x3  
  54  4:20  Roach  
  54  4:23  Spore Crawler  
  61  4:26  Roach  
  61  4:39  Drone  
  61  4:40  Drone x3  
  61  4:41  Roach x3  
  61  4:42  Drone x2  
  73  4:48  Overlord  
  73  4:49  Spore Crawler  
  73  4:50  Drone  
  72  5:06  Overlord  
  72  5:08  Roach x4  
  72  5:09  Overseer  
  72  5:11  Roach  
  82  5:14  Overlord  
  82  5:20  Glial Reconstitution, Overlord  
  81  5:24  Extractor  
  81  5:25  Zergling x4  
  81  5:26  Zergling x10  
  87  5:28  Roach  
  87  5:30  Drone  
  87  5:33  Overlord  
  88  5:36  Roach  
  88  5:40  Roach x2  
  94  5:48  Roach x3  
  91  5:57  Roach  
  91  5:58  Roach  
  91  6:02  Overlord, Queen  
  91  6:04  Roach  
  99  6:05  Drone x2  
  99  6:06  Extractor, Drone x2  
  99  6:07  Roach  
  99  6:11  Roach  
  106  6:16  Roach x3  
  112  6:24  Roach  
  112  6:25  Roach  
  115  6:27  Drone x4  
  115  6:29  Drone  
  115  6:32  Drone x2  
  122  6:34  Overlord  
  122  6:38  Overlord  
  122  6:39  Ravager  
  121  6:43  Drone  
  122  6:48  Overlord  
  122  6:53  Overlord, Evolution Chamber  
  121  6:59  Roach x5  
  131  7:05  Roach x3  
  137  7:12  Overlord  
  137  7:16  Roach x5  
  137  7:21  Roach x2  
  149  7:28  Roach  
  151  7:32  Roach x2  
  151  7:35  Roach  
  156  7:41  Drone  
  156  7:42  Drone  
  154  7:47  Ravager x2  
Show
View Real Time Build Order
Export as new Build Order

ArT Protoss 

Build Orders: 1 Gate Expand 

Get SALT Encoding   

  12  0:00  Probe  
  13  0:12  Probe  
  14  0:19  Pylon  
  14  0:24  Probe  
  15  0:33  Probe  
  15  0:39  Gateway  
  15  0:41  Probe  
  16  0:48  Assimilator  
  17  0:51  Probe  
  18  1:03  Probe  
  19  1:15  Probe  
  20  1:28  Nexus  
  20  1:37  Cybernetics Core  
  20  1:40  Probe  
  20  1:47  Assimilator  
  21  1:52  Probe  
  22  1:58  Pylon  
  22  2:04  Probe  
  22  2:06  Stalker  
  23  2:17  Probe  
  26  2:25  Robotics Facility  
  26  2:28  Adept  
  26  2:29  Warp Gate  
  26  2:30  Probe  
  27  2:38  Probe  
  30  2:44  Probe  
  30  2:46  Probe  
  32  2:54  Probe  
  32  2:56  Probe  
  34  3:03  Twilight Council  
  34  3:07  Probe  
  34  3:08  Probe  
  40  3:20  Immortal  
  40  3:23  Probe, Charge  
  41  3:29  Gateway  
  41  3:39  Assimilator  
  41  3:52  Gateway  
  41  3:53  Gateway  
  42  3:55  Gateway  
  42  4:01  Warp Prism  
  44  4:07  Gateway  
  44  4:13  Gateway  
  44  4:15  Probe  
  44  4:19  Gateway  
  44  4:24  Pylon  
  44  4:27  Pylon  
  44  4:29  Probe  
  45  4:35  Shield Battery  
  45  4:36  Adept  
  45  4:51  Pylon  
  45  4:52  Probe  
  46  4:56  Zealot x5  
  56  5:02  Shield Battery  
  54  5:13  Adept  
  56  5:24  Zealot x3  
  54  5:35  Zealot x5  
  62  5:38  Pylon  
  62  5:49  Probe  
  58  5:51  Probe  
  47  5:57  Probe  
  47  5:59  Probe  
  47  6:00  Assimilator  
  47  6:01  Stargate  
  49  6:06  Stargate, Probe  
  49  6:09  Probe  
  49  6:10  Zealot x4  
  58  6:14  Probe  
  60  6:20  Probe  
  60  6:24  Zealot  
  63  6:27  Probe  
  63  6:32  Pylon  
  64  6:34  Observer  
  65  6:40  Probe  
  65  6:44  Phoenix  
  65  6:45  Phoenix  
  66  6:53  Immortal  
  70  6:55  Zealot x2  
  70  7:01  Zealot x2  
  78  7:05  Phoenix  
  78  7:08  Pylon  
  82  7:17  Sentry x2  
  82  7:20  Gateway  
  82  7:24  Gateway  
  82  7:28  Zealot  
Tags
 
Add a new tag
Caveats
  • Supply blocks, unpowered buildings, or Contaminate may cause inaccurate times.
  • Supply counts are checked every 10 seconds.